 Dungeon Crawl Stone Soup version 0.31.0-4-g52a2dc7128 (webtiles) character file.

Game seed: 17628658976516933585

18 Deca the Cudgeller (level 2, -6/29 HPs)
             Began as a Gnoll Cinder Acolyte on Jan 21, 2024.
             Was a High Priest of Ignis.
             Killed by divine providence
             ... invoked by an orc priest
              (16 damage)
             ... on level 1 of the Dungeon.
             The game lasted 00:06:22 (995 turns).

Deca the Cudgeller (Gnoll Cinder Acolyte)            Turns: 995, Time: 00:06:23

Health: -6/29      AC:  3    Str: 13    XL:     2   Next: 66%
Magic:  5/5        EV: 11    Int: 13    God:    Ignis [*****.]
Gold:   70         SH:  0    Dex:  7    Spells: 6/6 levels left

rFire   + . .        a - +0 mace (flame)
rCold   . . .        (no shield)
rNeg    . . .        b - +0 robe
rPois   .            d - +0 helmet
rElec   .            (no cloak)
rCorr   .            (no gloves)
SInv    .            (no boots)
Will    .....        (no amulet)
Stlth   +            (no ring)
HPRegen 0.24/turn    (no ring)
MPRegen 0.09/turn

%: no passive effects
@: confused
A: fangs 1, strong nose, distributed training
a: Renounce Religion, Fiery Armour, Foxfire Swarm, Rising Flame


You were on level 1 of the Dungeon.
You worshipped Ignis.
Ignis was extremely pleased with you.
You visited 1 branch of the dungeon, and saw 1 of its levels.

You collected 70 gold pieces.

Inventory:

Hand Weapons
 a - a +0 mace of flaming (weapon)
Armour
 b - a +0 robe (worn)
 d - a +0 helmet (worn)
Jewellery
 e - a ring of ice
 g - a ring of protection from fire
Talismans
 f - a flux talisman
Potions
 c - a potion of magic {unknown}


   Skills:
 + Level 6.5 Fighting
 + Level 0.5 Short Blades
 + Level 0.5 Long Blades
 + Level 0.5 Axes
 + Level 6.5 Maces & Flails
 + Level 0.5 Polearms
 + Level 0.5 Staves
 + Level 0.5 Ranged Weapons
 + Level 0.5 Throwing
 + Level 0.5 Armour
 + Level 0.5 Dodging
 + Level 0.5 Stealth
 + Level 0.5 Shields
 + Level 0.5 Unarmed Combat
 + Level 2.7 Spellcasting
 + Level 0.3 Conjurations
 + Level 0.3 Hexes
 + Level 0.3 Summonings
 + Level 0.3 Necromancy
 + Level 0.3 Translocations
 + Level 5.3 Fire Magic
 + Level 0.3 Ice Magic
 + Level 0.3 Air Magic
 + Level 0.3 Earth Magic
 + Level 0.3 Alchemy
 + Level 0.6 Invocations
 + Level 0.5 Evocations
 + Level 0.4 Shapeshifting


You had 6 spell levels left.
You didn't know any spells.
Your spell library contained the following spells:

 Spells                   Type           Power      Damage    Failure   Level
 Scorch                   Fire           30%        2d6       3%          2
 Apportation              Tloc           4%         N/A       21%         1
 Jinxbite                 Hex            4%         N/A       30%         2
 Alistair's Intoxication  Alch           1%         N/A       99%         5


Dungeon Overview and Level Annotations

Branches:
Dungeon (1/15)

Altars:


Innate Abilities, Weirdness & Mutations

You have very sharp teeth.
Your uncanny sense of smell can sniff out nearby items.
Your experience applies equally to all skills.


Message History

The orc attacks as it pursues you! The orc hits you with a +0 mace.
The orc attacks as it pursues you! The orc hits you with a +0 mace.
The orc wizard attacks as it pursues you!
The orc wizard hits you with a +0 dagger.
The orc wizard attacks as it pursues you!
The orc wizard closely misses you.
The orc wizard attacks as it pursues you!
The orc wizard hits you with a +0 dagger.
What are your orders? t - Bark!
Orders for allies: a - Attack new target. r - Retreat! s - Stop attacking. g - Guard the area. f - Follow me.
Anything else - Cancel.
Retreat in which direction?
Press: ? - help, Dir - move target, f - you
Okay, then.
You aren't carrying any scrolls.
Unknown command.
The orc wizard barely misses you.
There are monsters nearby!
Nothing quivered!
You aren't carrying any scrolls.
Okay, then.
Okay, then.
There are no items here.
The orc wizard gestures at you while chanting.
You are confused.
The orc wizard casts a spell at you.
You are more confused.
The orc wizard mumbles some strange words.
The orc wizard flickers and vanishes!
Deactivating autopickup; reactivate with Ctrl-A.
You're too confused to move!
The orc warrior hits you with a +0 short sword.
Something hits you.
The orc priest invokes the aid of Beogh against you.
Beogh smites you!
Ouch! That really hurt!
You die...

....#.#...#....#####...#...#.#...
....#.#...#..8.#.#.8.........#...
....#.#...#....'........##..#..#.
....#.#...#..o.oooo...........#..
....#.....#.._o#.#.8o.....##.....
....#.#...#....#####o....#..#...#
....#.#...#.♣.♣ ##o...#...##..#.
..).#.#...########....#...#...#..
....#.#.........@.oo.#.......##..
....#.#...###........#.#.#...#..#
.####.#.............#....#....#..
......#.....................#....
.....############################
....## ######### ....## #.......#
.....# #.#####.### .....#
#..........


You could see an orc warrior, an orc priest, an orc wizard and an orc.

Vanquished Creatures
  2 ball pythons (D:1)
  2 bats (D:1)
  An endoplasm (D:1)
  2 goblins (D:1)
  A hobgoblin (D:1)
  4 kobolds (D:1)
  2 frilled lizards (D:1)
  2 rats (D:1)
16 creatures vanquished.

Notes
Turn   | Place    | Note
-------+----------+-------------------------------------------
     0 | D:1      | Deca the Gnoll Cinder Acolyte began the quest for the Orb.
     0 | D:1      | Reached XP level 1. HP: 23/23 MP: 4/4
   107 | D:1      | Found a large runed translucent door.
   107 | D:1      | Found a large runed translucent door.
   108 | D:1      | Noticed an orc priest
   109 | D:1      | Noticed an orc wizard
   109 | D:1      | Noticed an orc warrior
   110 | D:1      | Noticed an orc wizard
   156 | D:1      | Reached XP level 2. HP: 27/29 MP: 5/5
   995 | D:1      | Killed from afar by an orc priest

Illustrated notes

Levels and vault maps discovered:
D:1:      erik_arrival_cave_to_civilisation [erik_arrival_cave_to_temple],
          layout_basic

Action                     || total
---------------------------++-------
  Melee: Mace              ||    41
         Bite              ||     2
    Use: Scroll            ||     3
 Armour: Robe              ||    33
  Dodge: Dodged            ||    41
         Form:             ||     1
         Flux              ||     1
